 Dungeon Crawl Stone Soup version 0.19.0-18-g426998a (webtiles) character file.

1365 Leybi the Ruffian (level 8, -1/118 HPs)
             Began as a Troll Berserker on Nov 11, 2016.
             Was an Elder of Trog.
             Slain by a gnoll (6 damage)
             ... on level 4 of the Dungeon.
             The game lasted 00:13:57 (3819 turns).

Leybi the Ruffian (Troll Berserker)                 Turns: 3819, Time: 00:13:58

Health: -1/118     AC:  6    Str: 35    XL:     8   Next: 38%
Magic:  7/7        EV: 11    Int:  5    God:    Trog [****..]
Gold:   304        SH:  2    Dex:  9    Spells: 0 memorised, 7 levels left

rFire  + . .     SeeInvis .       - Unarmed
rCold  . . .     Gourm    +     o - +0 robe {rF+}
rNeg   . . .     Faith    .     (no shield)
rPois  .         Spirit   .     (helmet restricted)
rElec  .         Reflect  +     l - +0 cloak
rCorr  .         Harm     .     (gloves unavailable)
MR     .....                    (boots unavailable)
Stlth  ..........               j - +2 amulet of reflection
                                f - +2 ring of strength
                                e - +2 ring of intelligence

@: berserking, very quick
A: unfitting armour, claws 3, fast metabolism 3, gourmand, regeneration 1,
shaggy fur 1, tough skin 2
a: Berserk, Trog's Hand, Brothers in Arms, Burn Spellbooks, Renounce Religion


You were on level 4 of the Dungeon.
You worshipped Trog.
Trog was greatly pleased with you.
You were very full.

You visited 1 branch of the dungeon, and saw 5 of its levels.

You collected 304 gold pieces.

Inventory:

Armour
 l - a +0 cloak (worn)
 o - a +0 robe of fire resistance (worn)
 x - a +0 cloak
Jewellery
 e - a +2 ring of intelligence (left claw)
 f - a +2 ring of strength (right claw)
 j - a +2 amulet of reflection (around neck)
Wands
 r - a wand of iceblast (3/15)
Scrolls
 d - a scroll of immolation {unknown}
 m - a scroll of recharging {unknown}
 v - 2 scrolls of identify {unknown}
 w - a scroll of remove curse
Potions
 a - 4 potions of curing {unknown}
 c - a potion of flight {unknown}
 g - 3 potions of haste {unknown}
 h - a potion of invisibility {unknown}
 n - a potion of berserk rage {unknown}
 q - a potion of brilliance {unknown}
 s - 2 potions of cure mutation {unknown}
 t - a potion of cancellation {unknown}
 u - a potion of heal wounds {unknown}
Books
 p - a book of Misfortune

   Spells                             Type                      Level
   a - Confusing Touch                Hexes                        1
   b - Confuse                        Hexes                        3
   c - Gell's Gravitas                Hexes/Translocation          3
   d - Petrify                        Transmutation/Earth          4
   e - Metabolic Englaciation         Hexes/Ice                    5
   f - Yara's Violent Unravelling     Hexes/Transmutation          5
   Trog disapproves of the use of such an item.
Comestibles
 b - 5 bread rations
 i - 3 fruits
 k - 2 meat rations
 z - 5 chunks of flesh


   Skills:
 + Level 4.8 Fighting
 + Level 5.0 Dodging
 * Level 7.9 Unarmed Combat


You had 7 spell levels left.
You didn't know any spells.

Dungeon Overview and Level Annotations

Branches:
Dungeon (5/15)             Temple (0/1) D:4

Altars:
Cheibriados
Hepliaklqana
Makhleb
Qazlal


Innate Abilities, Weirdness & Mutations

You are too large for most types of armour.
You have claws for hands.
Your metabolism is lightning-fast.
You like to eat raw meat.
Your natural rate of healing is unusually fast.
You are covered in fur. (AC +1)
You have very tough skin. (AC +2)


Message History

The gnoll hits you with a spear.
* * * LOW HITPOINT WARNING * * *
There is a stone staircase leading down, spattered with blood here.
You closely miss the gnoll.
The gnoll hits you from afar with a spear!
* * * LOW HITPOINT WARNING * * *
The gnoll hits you with a spear.
* * * LOW HITPOINT WARNING * * *
You eviscerate the gnoll!!!
You kill the gnoll!
Trog accepts your kill.
You are too berserk!
The gnoll hits you with a spear.
* * * LOW HITPOINT WARNING * * *
You see here a spear.
You mangle the gnoll!!
You kill the gnoll!
Trog accepts your kill. The gnoll hits you.
You die...

### ##.## ######
########...#########....#
#..........))>)@g##(....#
#.######...#####.#..#...####
#.# ##>.# #.<.#....##.# #.#
#..# #####.._..#.# #.#
#..###########∩#.#.# ## #.#
#..........# #####.# #.
##.### #####.#.##########.#
#. .....#
#.#.####.....#.####. ####.#
#.#.#...............


You could see a gnoll.

Vanquished Creatures
  Sigmund (D:2)
  The ghost of Vidiiot the Sneak, an amateur NaAM of Makhleb (D:3)
  A sky beast (D:5)
  An ogre (D:4)
  A phantom (D:5)
  2 scorpions
  A howler monkey (D:4)
  2 hounds
  Crazy Yiuf (D:2)
  Jessica (D:3)
  2 gnoll shamans
  Natasha (thrice) (D:2 D:3)
  6 worker ants
  A worker ant zombie (D:5)
  11 gnolls
  5 adders
  A shadow imp (D:5)
  4 oozes
  2 worms
  A leopard gecko (D:2)
  10 orcs
  6 giant cockroaches
  7 hobgoblins
  17 jackals
  A quokka (D:3)
  A ball python (D:1)
  5 bats
  3 frilled lizards
  10 goblins
  7 kobolds
  A quokka skeleton (D:5)
  8 rats
  A plant (D:5)
125 creatures vanquished.

Notes
Turn   | Place    | Note
-------+----------+-------------------------------------------
     0 | D:1      | Leybi the Troll Berserker began the quest for the Orb.
     0 | D:1      | Reached XP level 1. HP: 22/22 MP: 0/0
    74 | D:1      | Reached XP level 2. HP: 27/29 MP: 1/1
   535 | D:2      | Reached XP level 3. HP: 25/36 MP: 2/2
   585 | D:2      | Noticed Sigmund
   592 | D:2      | Reached ** piety under Trog
   656 | D:2      | Killed Sigmund
   656 | D:2      | Reached skill level 4 in Unarmed Combat
   656 | D:2      | Reached XP level 4. HP: 30/45 MP: 3/3
   656 | D:2      | Reached XP level 5. HP: 36/53 MP: 4/4
   753 | D:2      | Noticed Natasha
   763 | D:2      | Killed Natasha
   765 | D:2      | Reached skill level 5 in Unarmed Combat
   793 | D:2      | Noticed Natasha
   796 | D:2      | Killed Natasha
   980 | D:2      | Found a runed door.
  1106 | D:2      | Noticed Crazy Yiuf
  1113 | D:2      | Killed Crazy Yiuf
  1113 | D:2      | Reached XP level 6. HP: 61/61 MP: 5/5
  1490 | D:3      | Noticed Vidiiot's ghost (amateur NaAM)
  1516 | D:3      | Killed Vidiiot's ghost
  1645 | D:3      | Found a hazy altar of Hepliaklqana.
  1694 | D:3      | Noticed Natasha
  1700 | D:3      | Killed Natasha
  1955 | D:3      | Found a faded altar of an unknown god.
  2076 | D:3      | Noticed Jessica
  2088 | D:3      | Killed Jessica
  2088 | D:3      | Reached *** piety under Trog
  2088 | D:3      | Reached XP level 7. HP: 68/68 MP: 6/6
  2091 | D:3      | Reached skill level 6 in Unarmed Combat
  2422 | D:4      | Found a staircase to the Ecumenical Temple.
  2657 | D:4      | Found a snail-covered altar of Cheibriados.
  2874 | D:4      | Found a stormy altar of Qazlal.
  2948 | D:4      | Found a burning altar of Makhleb.
  2967 | D:5      | Entered Level 5 of the Dungeon
  3053 | D:5      | Reached skill level 7 in Unarmed Combat
  3254 | D:5      | Reached XP level 8. HP: 78/79 MP: 7/7
  3762 | D:5      | Noticed a wizard
  3799 | D:4      | Reached **** piety under Trog
  3813 | D:4      | Reached skill level 5 in Dodging
  3815 | D:4      | HP: 4/118 [gnoll/spear (5)]
  3819 | D:4      | Slain by a gnoll

Skill      XL: |  1  2  3  4  5  6  7  8 |
---------------+-------------------------+-----
Fighting       | 3 4 |  4.8
Dodging        | 3 4 5 |  5.0
Unarmed Combat | 4 5 7 |  7.9

Action                   |  1- 3 |  4- 6 |  7- 9 || total
-------------------------+-------+-------+-------++-------
Melee: Unarmed           |    80 |   103 |   147 ||   330
       Punch             |     1 |     3 |     7 ||    11
Invok: Berserk           |     1 |     4 |     1 ||     6
  Use: Scroll            |       |     4 |     1 ||     5
  Eat: Chunk             |     9 |    20 |    16 ||    45
Armor: Animal skin       |     8 |       |       ||     8
       Robe              |    32 |    29 |    40 ||   101
Dodge: Dodged            |    56 |    58 |    75 ||   189
Block: Other             |       |     7 |     7 ||    14
